 Dungeon Crawl Stone Soup version 0.28.0 (webtiles) character file.

Game seed: 2529983399587918756

84 Conn the Firebug (level 4, -1/27 HPs)
             Began as an Octopode Fire Elementalist on Feb 18, 2022.
             Slain by a goblin (4 damage)
             ... led by Robin
             ... on level 3 of the Dungeon.
             The game lasted 00:03:57 (2010 turns).

Conn the Firebug (Octopode Fire Elementalist)       Turns: 2010, Time: 00:03:58

Health: -1/27      AC:  1    Str:  7    XL:     4   Next: 46%
Magic:  6/8        EV: 13    Int: 19    God:
Gold:   30         SH:  0    Dex: 18    Spells: 1/8 levels left

rFire   . . .      SeeInvis .   d - +0 dagger
rCold   . . .      Faith    .   (no shield)
rNeg    . . .      Spirit   .   (helmet restricted)
rPois   .          Reflect  .   (no amulet)
rElec   .          Harm     .   i - +6 ring of dexterity
rCorr   .          Rampage  .   (no ring)
Will    .....                   (no ring)
Stlth   ++++......              (no ring)
HPRegen 0.09/turn               (no ring)
MPRegen 0.11/turn               (no ring)
                                (no ring)
                                (no ring)

@: no status effects
A: almost no armour, amphibious, 8 rings, camouflage 1, gelatinous body 1,
(nimble swimmer 1), tentacles
a: no special abilities


You were on level 3 of the Dungeon.
You visited 1 branch of the dungeon, and saw 3 of its levels.

You collected 30 gold pieces.

Inventory:

Hand Weapons
 d - a +0 dagger (weapon)
Jewellery
 i - a +6 ring of dexterity (left tentacle)
Scrolls
 a - 2 scrolls of magic mapping {unknown}
 c - 2 scrolls of acquirement
 e - 2 scrolls of identify
 h - a scroll of fear {unknown}
 j - a scroll of immolation {unknown}
Potions
 b - a potion of cancellation
 f - a potion of brilliance {unknown}
 g - a potion of berserk rage {unknown}


   Skills:
 + Level 2.2 Dodging
 + Level 3.2 Stealth
 + Level 2.7 Spellcasting
 + Level 1.8 Conjurations
 + Level 4.0 Fire Magic


You had one spell level left.
You knew the following spells:

 Your Spells              Type           Power      Damage    Failure   Level
a - Foxfire               Conj/Fire      52%        2x1d6     4%          1
b - Conjure Flame         Conj/Fire      13%        6-21      14%         3
c - Inner Flame           Hex/Fire       10%        N/A       21%         3

Your spell library contained the following spells:

 Spells                   Type           Power      Damage    Failure   Level
 Sting                    Tmut/Pois      8%         1d3       16%         1
 Summon Small Mammal      Summ           8%         N/A       16%         1
 Scorch                   Fire           34%        2d6       4%          2
 Poisonous Vapours        Pois/Air       4%         N/A       24%         2
 Call Canine Familiar     Summ           2%         N/A       43%         3
 Summon Guardian Golem    Hex/Summ       2%         N/A       43%         3
 Flame Wave               Conj/Fire      13%        2d6       43%         4
 Olgreb's Toxic Radiance  Pois           2%         N/A       83%         4


Dungeon Overview and Level Annotations

Branches:
Dungeon (3/15)

Altars:
Fedhas
Kikubaaqudgha
Nemelex Xobeh

Annotations:
D:3 Robin


Innate Abilities, Weirdness & Mutations

You cannot wear most types of armour.
You are amphibious.
You can wear up to eight rings at the same time.
Your skin changes colour to match your surroundings (Stealth+).
Your rubbery body absorbs attacks. (AC +1, EV +1)
((You are camouflaged when in or above water. (Stealth+)))
You have tentacles for arms and can constrict up to eight enemies at once.


Message History

Things that are here:
a +0 club; a goblin corpse You hit the goblin.
You grab the goblin.
The goblin is moderately wounded.
You constrict the goblin. The goblin closely misses you.
The goblin barely misses you. The hobgoblin closely misses you.
Robin throws the goblin at you!
You release your grip on the goblin.
The goblin hits you with a +0 dagger.
Unknown command.
The goblin misses you.
Robin says, "A pitiful Octopus like you will never find the ORB!"
Robin throws the goblin at you!
You barely miss the goblin. Your grab misses the goblin.
You squeeze the goblin.
The goblin is moderately wounded.
The goblin hits you but does no damage. The goblin barely misses you. x2
The goblin closely misses you. The goblin hits you but does no damage.
Really wriggle into that dispersal trap?
You enter a dispersal trap!
The goblin blinks! x5; You blink.
The goblin hits you with a +0 club.
A goblin comes into view. It is wielding a +0 club.
The goblin hits you with a +0 club. x2; Robin throws the goblin at you!
The goblin moves out of view.
As you read the scroll labelled GUFFIS TEJUO, it crumbles to dust.
It is a scroll of identify.
c - 2 scrolls of acquirement The goblin hits you with a +0 club.
* * * LOW HITPOINT WARNING * * *
The goblin hits you with a +0 club.
* * * LOW HITPOINT WARNING * * *
The goblin closely misses you. x2
The hobgoblin hits you but does no damage.
Robin roars a battlecry!
The goblins go into a battle-frenzy!
You hear a shout!
It was a potion of cancellation.
You feel magically purged. The goblin hits you but does no damage.
The goblin closely misses you. The goblin hits you with a +0 club.
You die...

.# .. .# .### ##g#g#
.... ....# ###. #. ).)
#...##)#######.#.###+###
#..$...g.#.PP# ...<.....
#..####)##._.# #........
## #gg##.P.# #........
... #g@#P.P# #........
#####
#gg#...####........
#....
#.g......##........ ..#
#..^............... ..#
###...#####........ ..#
##P.P# #....)... #.#
#...## #........ #.##
#########._.# #.###'###
#..# #......##P.P#
#.##...#


You could see Robin, a hobgoblin (strong) and 6 goblins.

Vanquished Creatures
  Terence (D:2)
  A worm (D:2)
  2 dart slugs
  4 ball pythons
  4 endoplasms
  3 giant cockroaches
  10 goblins
  4 hobgoblins
  4 quokkas
  6 bats
  5 frilled lizards
  2 kobolds (D:2)
  3 rats
49 creatures vanquished.

Vanquished Creatures (collateral kills)
  4 foxfires
4 creatures vanquished.

Vanquished Creatures (others)
  140 foxfires
  2 fungi (D:1)
  4 plants (D:1)
146 creatures vanquished.

Grand Total: 199 creatures vanquished

Notes
Turn   | Place    | Note
-------+----------+-------------------------------------------
     0 | D:1      | Conn the Octopode Fire Elementalist began the quest for the
                  | Orb.
     0 | D:1      | Reached XP level 1. HP: 11/11 MP: 3/3
   147 | D:1      | Reached XP level 2. HP: 16/17 MP: 1/5
   307 | D:1      | Found a faded altar of an unknown god.
   561 | D:1      | Reached XP level 3. HP: 21/21 MP: 2/6
   805 | D:2      | Noticed Terence
   812 | D:2      | Killed Terence
   823 | D:2      | Reached XP level 4. HP: 19/27 MP: 1/7
  1871 | D:3      | Found a sparkling altar of Nemelex Xobeh.
  1916 | D:3      | Learned a level 3 spell: Conjure Flame
  1920 | D:3      | Learned a level 3 spell: Inner Flame
  1953 | D:3      | Found an ancient bone altar of Kikubaaqudgha.
  1953 | D:3      | Found a blossoming altar of Fedhas.
  1994 | D:3      | Noticed Robin
  1998 | D:3      | Reached skill level 4 in Fire Magic
  2009 | D:3      | Identified 2 scrolls of acquirement
  2010 | D:3      | Slain by a goblin

Illustrated notes

Levels and vault maps discovered:
D:1:      minmay_arrival_open_corners, layout_rooms,
          shapermc_ecumenical_altar_mp_urbaneastern,
          minmay_misc_feat_four_crosses
D:2:      layout_loops_ring, uniq_terence
D:3:      layout_basic, nicolae_overflow_crystal_walls,
          grunt_temple_overflow_growth_and_decay, uniq_robin

Skill      XL: |  1  2  3  4 |
---------------+-------------+-----
Stealth        | 3 |  3.2
Fire Magic     | 4 |  4.0
Dodging        | |  2.2
Spellcasting   | |  2.7
Conjurations   | |  1.8

Action                   |  1- 3 |  4- 6 || total
-------------------------+-------+-------++-------
Melee: Tentacles         |     3 |     4 ||     7
       Constrict         |     2 |     4 ||     6
       Unarmed           |     1 |       ||     1
       Dagger            |    10 |    15 ||    25
       Punch             |     1 |       ||     1
 Cast: Foxfire           |    43 |    41 ||    84
  Use: Scroll            |       |     1 ||     1
       Potion            |       |     1 ||     1
 Stab: Sleeping          |       |     3 ||     3
Armor: Skin              |     2 |     4 ||     6
Dodge: Dodged            |    11 |    26 ||    37
